 Dungeon Crawl Stone Soup version 0.24.0-29-g8ce449bc06 (webtiles) character file.

Game seed: 1485854656783095984, levelgen mode: deterministic

13742 Delamore the Severer (level 12, -6/104 HPs)
             Began as a Hill Orc Fighter on Nov 15, 2019.
             Was a High Priest of Qazlal.
             Killed from afar by Josephine (15 damage)
             ... with a ghostly fireball
             ... on level 10 of the Dungeon.
             The game lasted 00:19:54 (12143 turns).

Delamore the Severer (Hill Orc Fighter)            Turns: 12143, Time: 00:19:55

Health: -6/104     AC: 17    Str: 29    XL:     12   Next: 9%
Magic:  12/12      EV:  5    Int:  8    God:    Qazlal [*****.]
Gold:   1552       SH: 15    Dex: 10    Spells: 11/11 levels left

rFire    . . .     SeeInvis +   l - +2 hand axe (chop)
rCold    . . .     Gourm    .   c - +0 shield
rNeg     + . .     Faith    +   i - +0 plate armour
rPois    +         Spirit   .   (no helmet)
rElec    .         Reflect  .   D - +0 cloak
rCorr    .         Harm     .   (no gloves)
MR       .....                  (no boots)
Stlth    ..........             o - amulet of faith
HPRegen  0.27/turn              F - ring of Jatac {rPois rN+ SInv}
MPRegen  0.13/turn              (no ring)

@: mighty, protected from physical damage, slowed, lightly drained, repel
missiles, very slow
A: no striking features
a: Upheaval, Elemental Force, Disaster Area, Renounce Religion


You were on level 10 of the Dungeon.
You worshipped Qazlal.
Qazlal was extremely pleased with you.
You were not hungry.

You visited 2 branches of the dungeon, and saw 12 of its levels.
You also visited: Sewer and Bailey.

You collected 1552 gold pieces.

Inventory:

Hand Weapons
 l - a +2 hand axe of chopping (weapon)
Missiles
 g - 5 throwing nets
 G - 8 silver boomerangs (quivered)
 J - 5 boomerangs of dispersal
Armour
 c - a +0 shield (worn)
 i - a +0 plate armour (worn)
 D - a +0 cloak (worn)
 L - a +0 ring mail of cold resistance
Jewellery
 b - an uncursed amulet of the acrobat {unknown}
 o - an amulet of faith (around neck)
 F - the ring of Jatac (left hand) {rPois rN+ SInv}
   (You found it in a bailey)

   [ring of see invisible]

   It protects you from poison.
   It protects you from negative energy.
   It lets you see invisible.
 I - an uncursed ring of ice
Wands
 u - a wand of random effects (62)
 x - a wand of iceblast (12)
 z - a wand of flame (10)
 E - a wand of acid (8)
Scrolls
 a - a scroll of identify
 e - 2 scrolls of vulnerability
 h - 5 scrolls of enchant weapon
 j - 3 scrolls of immolation
 k - 4 scrolls of fear
 n - 4 scrolls of remove curse
 p - 3 scrolls of fog
 q - 6 scrolls of teleportation
 s - a scroll of enchant armour
 w - 2 scrolls of noise
 y - 3 scrolls of blinking
 A - 2 scrolls of magic mapping
 C - a scroll of random uselessness
Potions
 d - 3 potions of might
 m - 3 potions of haste {unknown}
 r - 5 potions of agility {unknown}
 t - a potion of curing
 v - a potion of degeneration {unknown}
 B - 2 potions of flight {unknown}
 H - a potion of ambrosia {unknown}
Miscellaneous
 K - a sack of spiders
Comestibles
 f - 19 rations
 M - 2 chunks of flesh


   Skills:
 * Level 9.3(8.6) Fighting
 - Level 19.4(18.6) Axes
 * Level 8.5(7.8) Armour
 - Level 3.2(2.7) Shields


You had 11 spell levels left.
You didn't know any spells.
Your spell library contained the following spells:

 Spells                   Type           Power        Failure   Level  Hunger
 Confusing Touch          Hex            #.....       100%        1    ##.....
 Flame Tongue             Conj/Fire      #....        100%        1    ##.....
 Throw Flame              Conj/Fire      #.....       100%        2    ###....
 Confuse                  Hex            #.......     100%        3    ####...
 Conjure Flame            Conj/Fire      #.......     100%        3    ####...
 Gell's Gravitas          Tloc           #.........   100%        3    ####...
 Inner Flame              Hex/Fire       #.......     100%        3    ####...
 Petrify                  Tmut/Erth      #.......     100%        4    #####..
 Sticky Flame             Conj/Fire      #.......     100%        4    #####..
 Fireball                 Conj/Fire      #.........   100%        5    ######.
 Metabolic Englaciation   Hex/Ice        #.........   100%        5    ######.
 Yara's Violent Unravell  Hex/Tmut       #.........   100%        5    ######.


Dungeon Overview and Level Annotations

Branches:
Dungeon (11/15)            Temple (1/1) D:5            Lair (0/6) D:9
  Sewer (visited)          Bailey (visited)
    Orc: D:9-12

Altars:
Ashenzari
Cheibriados
Elyvilon
Fedhas
Gozag
Hepliaklqana
Nemelex Xobeh
Okawaru
Qazlal
Ru
Trog
Uskayaw
Vehumet
Wu Jian
Xom
Yredelemnul
Zin
The Shining One

Annotations:
D:10 Josephine


Message History

* * * LOW HITPOINT WARNING * * *
The ghostly fireball engulfs the wraith.
The wraith completely resists.
The ghostly fireball engulfs Josephine.
Josephine completely resists.
The wraith hits you but does no damage.
Okay, then.
You slash Josephine!
Josephine is moderately wounded.
You barely miss the wraith. Josephine hits you but does no damage.
You block the wraith's attack.
You closely miss Josephine.
Josephine is moderately wounded.
You slash the wraith! You block Josephine's attack.
The wraith barely misses you.
You slash Josephine!
Josephine is severely wounded.
You closely miss the wraith.
Josephine gestures at you while chanting.
The ghostly flame explodes!
The ghostly fireball engulfs you! You partially resist.
You feel drained.
You die...

#...#.# ############...##.#
#..##.# #........))[[.....#
#..##.###.##########...####
#..##.#................####
#..##.#.#.##########.......
#..##.....# #.......
##...).....# ### #..#####
######...###..[#####.## #..#
#..............W@@..#.## #..#
#.####...#########.###.###..#
..# ##.## #.## ##.....#
#######.# ##.###.###.##
........# ##.#.## #.######
######### ##.## #....... ###
########


You could see Josephine and a wraith.

Vanquished Creatures
  Harold (D:7)
  Fannar (D:10)
  A two-headed ogre (D:8)
  The ghost of Bstoun the Cleaver, a novice HOFi of Okawaru (D:9)
  An orc knight (Bailey)
  Psyche (D:10)
  A gargoyle (D:11)
  Joseph (D:7)
  A centaur skeleton (D:11)
  A queen bee (D:9)
  3 trolls
  A hornet (D:9)
  Grinder (D:6)
  3 hippogriffs
  Sigmund (D:2)
  A wraith (D:10)
  8 yaks
  A hungry ghost (D:7)
  Duvessa (D:7)
  2 water moccasins
  3 porcupines (D:9)
  4 orc warriors
  5 ice beasts
  2 sky beasts
  3 ogres
  7 centaurs
  2 phantoms (D:7)
  5 crocodiles
  9 bullfrogs
  Dowan (D:7)
  6 scorpions
  12 killer bees
  2 centaur zombies
  5 crimson imps
  3 jellies
  2 bullfrog zombies (D:6)
  6 hounds
  10 orc priests
  8 orc wizards
  Ijyb (D:3)
  2 iguanas
  5 worker ants
  A hound zombie (D:3)
  A hound skeleton (D:3)
  A worker ant zombie (D:7)
  4 gnolls
  16 adders
  A river rat (D:6)
  2 shadow imps
  2 oozes
  An adder zombie (D:9)
  5 worms
  2 dart slugs (D:1)
  4 leopard geckos
  43 orcs
  5 giant cockroaches
  14 goblins
  12 hobgoblins
  15 jackals
  22 kobolds
  A quokka (D:4)
  A ball python (D:2)
  8 bats
  3 frilled lizards (D:2)
  A leopard gecko skeleton (D:5)
  2 quokka skeletons
  A quokka zombie (D:5)
  5 rats
308 creatures vanquished.

Vanquished Creatures (others)
  5 fungi (D:9)
  17 plants (D:9)
22 creatures vanquished.

Grand Total: 330 creatures vanquished

Notes
Turn   | Place    | Note
-------+----------+-------------------------------------------
     0 | D:1      | Delamore the Hill Orc Fighter began the quest for the Orb.
     0 | D:1      | Reached XP level 1. HP: 19/19 MP: 1/1
    61 | D:1      | Reached skill level 3 in Axes
    88 | D:1      | Reached XP level 2. HP: 23/26 MP: 2/2
   225 | D:1      | Reached skill level 4 in Axes
   311 | D:1      | Reached XP level 3. HP: 25/31 MP: 3/3
   556 | D:1      | Reached skill level 5 in Axes
   924 | D:2      | Reached XP level 4. HP: 25/39 MP: 4/4
  1004 | D:2      | Reached skill level 6 in Axes
  1031 | D:2      | Noticed Sigmund
  1073 | D:2      | Killed Sigmund
  1073 | D:2      | Reached skill level 8 in Axes
  1073 | D:2      | Reached XP level 5. HP: 17/45 MP: 5/5
  1073 | D:2      | Reached XP level 6. HP: 19/51 MP: 6/6
  1582 | D:2      | Found a faded altar of an unknown god.
  1595 | D:2      | Became a worshipper of Ru the Awakened
  1602 | D:2      | Fell from the grace of Ru
  2169 | D:3      | Noticed Ijyb
  2191 | D:3      | Killed Ijyb
  2191 | D:3      | Reached skill level 9 in Axes
  2511 | D:3      | Noticed a water moccasin
  2535 | D:3      | Killed a water moccasin
  2535 | D:3      | Reached XP level 7. HP: 21/57 MP: 7/7
  3081 | D:4      | Reached skill level 10 in Axes
  3409 | D:4      | Reached skill level 11 in Axes
  3972 | D:5      | Entered Level 5 of the Dungeon
  4016 | D:5      | Reached XP level 8. HP: 56/64 MP: 8/8
  4202 | D:5      | Reached skill level 12 in Axes
  4426 | D:5      | Found a blossoming altar of Fedhas.
  4587 | D:5      | Found a staircase to the Ecumenical Temple.
  4592 | Temple   | Entered the Ecumenical Temple
  4697 | Temple   | Became a worshipper of Qazlal Stormbringer
  4855 | D:6      | Reached skill level 13 in Axes
  4873 | D:6      | Noticed Grinder
  4883 | D:6      | Paralysed by Grinder for 3 turns
  4895 | D:6      | Killed Grinder
  5098 | D:6      | Found a glowing drain.
  5125 | Sewer    | Entered a sewer
  5358 | Sewer    | Reached skill level 14 in Axes
  5358 | Sewer    | Reached XP level 9. HP: 43/70 MP: 9/9
  5664 | D:6      | Reached * piety under Qazlal
  5947 | D:7      | Noticed Duvessa
  5947 | D:7      | Noticed Dowan
  5953 | D:7      | Killed Dowan
  5970 | D:7      | Killed Duvessa
  5970 | D:7      | Reached skill level 15 in Axes
  6474 | D:7      | Reached skill level 16 in Axes
  6507 | D:7      | Noticed Joseph
  6527 | D:7      | Killed Joseph
  6527 | D:7      | Reached ** piety under Qazlal
  6766 | D:7      | Noticed Harold
  6775 | D:7      | Reached XP level 10. HP: 76/77 MP: 10/10
  6794 | D:7      | Reached skill level 17 in Axes
  6826 | D:7      | Killed Harold
  7435 | D:8      | Reached skill level 18 in Axes
  7453 | D:8      | Noticed a two-headed ogre
  7789 | D:8      | Killed a two-headed ogre
  8433 | D:9      | Found a flagged portal.
  8446 | Bailey   | Entered a bailey
  8479 | Bailey   | Reached skill level 19 in Axes
  8675 | Bailey   | Noticed an orc knight
  8687 | Bailey   | Killed an orc knight
  8687 | Bailey   | Reached XP level 11. HP: 44/82 MP: 11/11
  8688 | Bailey   | Reached *** piety under Qazlal
  8738 | Bailey   | Got an ancient golden ring
  8779 | Bailey   | Identified the ring of Jatac {rPois rN+ SInv} (You found it
                  | in a bailey)
  9306 | D:9      | Reached **** piety under Qazlal
  9383 | D:9      | Noticed Bstoun's ghost (novice HOFi)
  9616 | D:9      | Reached skill level 5 in Fighting
  9641 | D:9      | Reached skill level 5 in Armour
  9980 | D:9      | Found a transporter.
  9991 | D:9      | Found an ornate altar of the Wu Jian Council.
 10028 | D:9      | Found a transporter.
 10042 | D:9      | Found a staircase to the Lair.
 10593 | D:9      | Killed Bstoun's ghost
 10981 | D:10     | Entered Level 10 of the Dungeon
 11190 | D:10     | Reached ***** piety under Qazlal
 11595 | D:10     | Noticed Psyche
 11606 | D:10     | Killed Psyche
 11864 | D:11     | Noticed a four-headed hydra
 11864 | D:11     | Noticed Josephine
 11871 | D:11     | Noticed Fannar
 12094 | D:10     | Killed Fannar
 12094 | D:10     | Reached XP level 12. HP: 78/104 MP: 12/12
 12143 | D:10     | Killed from afar by Josephine

Levels and vault maps discovered:
D:1:      dpeg_arrival_simpleton_a, layout_loops_corners
D:2:      layout_rooms, chequers_ecumenical_altar_lobes, first_ration,
          uniq_sigmund
D:3:      layout_loops_ring, serial_undead, serial_undead_d, serial_undead_e,
          serial_undead_b, serial_undead_a, uniq_ijyb
D:4:      layout_basic
D:5:      layout_loops_ring, minmay_temple_entry_nine_rooms, fedhas_altar_1
D:6:      layout_basic, cheibrodos_sewer_entry_sluice, uniq_grinder
D:7:      layout_loops_ring, uniq_harold, uniq_joseph, uniq_duvessa
D:8:      layout_rooms
D:9:      layout_basic, old_standard_altar, minmay_lair_entry_grove,
          gammafunk_ghost_hive, lightli_bailey_entry_fortress
D:10:     layout_loops_ring, uniq_psyche
D:11:     layout_cross, orc_0_dummy, nicolae_trove_entry_free_sample,
          uniq_josephine, uniq_fannar
Temple:   regret_index_temple_sigil_plot

Skill      XL: |  1  2  3  4  5  6  7  8  9 10 11 |
---------------+----------------------------------+-----
Axes           | 3 4 5 8 9 11 14 16 19 | 19.4
Fighting       | 9 |  9.3
Armour         | 8 |  8.5
Shields        | |  3.2

Action                   |  1- 3 |  4- 6 |  7- 9 | 10-12 || total
-------------------------+-------+-------+-------+-------++-------
Melee: War axe           |   122 |    24 |       |       ||   146
       Hand axe          |       |   162 |   398 |   683 ||  1243
Throw: Boomerang         |       |       |     2 |    48 ||    50
Invok: Renounce Religion |       |     1 |       |       ||     1
Evoke: Wand              |       |       |     9 |       ||     9
  Use: Potion            |       |     1 |       |     7 ||     8
       Scroll            |       |       |    10 |     4 ||    14
  Eat: Chunk             |       |     6 |    15 |    11 ||    32
       Ration            |       |       |       |     2 ||     2
Armor: Scale mail        |    29 |       |       |       ||    29
       Plate armour      |    42 |   127 |   142 |   332 ||   643
       Skin              |       |       |       |     2 ||     2
Dodge: Dodged            |    39 |    23 |    23 |    87 ||   172
       Deflected         |       |       |       |     1 ||     1
Block: Shield            |    73 |    78 |   136 |   512 ||   799
